 Dungeon Crawl Stone Soup version 0.29-a0-512-gf59ac788ac (webtiles) character file.

Game seed: 11525894018194614239

5404 xian the Destroyer (level 10, -3/77 (78) HPs)
             Began as a Purple Draconian Conjurer on May 29, 2022.
             Was an Initiate of Gozag.
             Slain by a gargoyle
             ... wielding a +0 morningstar
              (15 damage)
             ... on level 9 of the Dungeon on May 30, 2022.
             The game lasted 00:36:44 (12747 turns).

xian the Destroyer (Purple Draconian Conjurer)     Turns: 12747, Time: 00:36:44

HP:   -3/77 (78)    AC: 11    Str: 15    XL:     10   Next: 40%
MP:   0/24          EV: 14    Int: 23    God:    Gozag
Gold: 321           SH:  0    Dex: 15    Spells: 22/29 levels left

rFire   . . .      SeeInvis +   K - +5 flail (vorpal)
rCold   . . .      Faith    .   (no shield)
rNeg    . . .      Spirit   +   (body armour unavailable)
rPois   .          Reflect  .   R - +1 hat
rElec   .          Harm     .   d - scarf {+Inv}
rCorr   .          Rampage  .   I - +1 pair of gloves of Jats {Dex+5}
Will    +....                   S - +0 pair of boots {Fly}
Stlth   +++.......              C - amulet of guardian spirit
HPRegen 0.22/turn               i - ring of see invisible
MPRegen 0.19/turn               J - +6 ring of strength

@: gold aura, flying, lightly drained
A: breathe power, AC +7, unfitting armour, cold-blooded
a: Breathe Dispelling Energy, Renounce Religion, Evoke Invisibility, Potion
Petition, Call Merchant, Bribe Branch


You were on level 9 of the Dungeon.
You worshipped Gozag.
Gozag was aware of your devotion.
You visited 2 branches of the dungeon, and saw 10 of its levels.

You collected 628 gold pieces.
You spent 110 gold pieces at shops.
You paid 197 gold pieces to Gozag.

Inventory:

Hand Weapons
 K - a +5 vorpal flail (weapon)
Missiles
 b - 10 poisoned darts
 q - 5 datura-tipped darts
 x - a throwing net
 T - 5 atropa-tipped darts
Armour
 d - a scarf of invisibility (worn)
 o - the +2 pair of gloves of Ignis's Benevolence {*Corrode rPois Dex+3}
   (You found it on level 9 of the Dungeon)

   Dex:       It affects your dexterity (+3).
   rPois:     It protects you from poison.
   *Corrode:  It may corrode you when you take damage.
 t - a +1 cloak
 I - the +1 pair of gloves of Jats (worn) {Dex+5}
   (You found it on level 6 of the Dungeon)

   Dex:       It affects your dexterity (+5).
 R - a +1 hat (worn)
 S - a +0 pair of boots of flying (worn)
Jewellery
 i - a ring of see invisible (left hand)
 v - a ring of positive energy
 C - an amulet of guardian spirit (around neck)
 J - a +6 ring of strength (right hand)
 L - a ring of fire
 Q - a +6 ring of strength
Wands
 r - a wand of charming (10)
 A - a wand of iceblast (11)
 E - a wand of mindburst (22)
 G - a wand of flame (36)
 P - a wand of digging (4)
Scrolls
 a - a scroll of torment {unknown}
 g - a scroll of fog {unknown}
 k - a scroll of noise {unknown}
 l - 2 scrolls of vulnerability {unknown}
 n - 2 scrolls of blinking {unknown}
 p - 4 scrolls of teleportation
 s - a scroll of brand weapon
 y - a scroll of enchant armour
 B - a scroll of poison {unknown}
 D - 2 scrolls of immolation
 M - 2 scrolls of enchant weapon {unknown}
 O - a scroll of fear {unknown}
Potions
 e - 2 potions of brilliance {unknown}
 f - 2 potions of cancellation {unknown}
 h - 4 potions of curing
 j - a potion of lignification {unknown}
 m - a potion of berserk rage
 u - 2 potions of attraction {unknown}
 w - a potion of heal wounds
 z - 2 potions of flight
 F - 2 potions of mutation {unknown}
 H - a potion of resistance {unknown}
 N - a potion of invisibility {unknown}


   Skills:
 + Level 4.1 Fighting
 + Level 1.7 Short Blades
 + Level 2.5 Maces & Flails
 + Level 5.3 Dodging
 + Level 4.7 Stealth
 + Level 10.0 Spellcasting
 + Level 10.1 Conjurations


You had 22 spell levels left.
You knew the following spells:

 Your Spells              Type           Power      Damage    Failure   Level
a - Magic Dart            Conj           100%       1d8       1%          1
b - Searing Ray           Conj           100%       2d8       1%          2
c - Iskenderun's Mystic   Conj/Tloc      34%        2d8       7%          4

Your spell library contained the following spells:

 Spells                   Type           Power      Damage    Failure   Level
 Foxfire                  Conj/Fire      100%       2x1d9     1%          1
 Static Discharge         Conj/Air       34%        N/A       1%          2
 Conjure Flame            Conj/Fire      34%        6-21      1%          3
 Dazzling Flash           Conj/Hex       68%        N/A       1%          3
 Necrotize                Necr           44%        1d6       5%          1
 Flame Wave               Conj/Fire      34%        2d8       7%          4
 Fulminant Prism          Conj/Hex       17%        3d11      7%          4
 Sticky Flame             Conj/Fire      34%        2d5       7%          4
 Call Canine Familiar     Summ           11%        N/A       17%         3
 Ignite Poison            Fire/Tmut/Pois 11%        N/A       17%         3
 Inner Flame              Hex/Fire       11%        N/A       17%         3
 Portal Projectile        Hex/Tloc       22%        N/A       17%         3
 Vampiric Draining        Necr           11%        2d6       17%         3
 Lightning Bolt           Conj/Air       17%        1d31      19%         5
 Leda's Liquefaction      Hex/Erth       5%         N/A       50%         4
 Agony                    Necr           11%        N/A       83%         5
 Borgnjor's Vile Clutch   Necr/Erth      5%         N/A       83%         5
 Death Channel            Necr           5%         N/A       100%        6
 Maxwell's Capacitive Co  Air            5%         ∞         100%        8
 Animate Dead             Necr           Unusable   N/A       N/A         4

Dungeon Overview and Level Annotations

Branches:
Dungeon (9/15)             Temple (1/1) D:7
   Lair: D:8-11         Orc: D:9-12

Altars:
Ashenzari
Gozag
Makhleb
Okawaru
Ru
Sif Muna
Vehumet

Shops:
D:4 (![[


Innate Abilities, Weirdness & Mutations

You can breathe bolts of dispelling energy.
Your rich purple scales are hard. (AC +7)
You cannot fit into any form of body armour.
You are cold-blooded and may be slowed by cold attacks.


Message History

Press: ? - help, Shift-Dir - straight line, f - wight
Aim: a wight, wielding a +0 flail and wearing a +0 robe (heavily damaged, 83% to hit)
The searing ray hits the gargoyle but does no damage.
The gargoyle is moderately damaged.
The searing ray hits the wight!
The wight is heavily damaged.
The searing ray misses the wight. (Press . to maintain the ray.)
The gargoyle hurls a stone arrow at you.
The stone arrow misses you.
The searing ray hits the gargoyle but does no damage.
The gargoyle is moderately damaged.
The searing ray misses the wight.
The gargoyle hurls a stone arrow at you.
The stone arrow hits you!
The searing ray hits the wight!
You destroy the wight!
The gargoyle closely misses you.
Your Spellcasting skill increases to level 10!
The searing ray hits the wight.
The wight is severely damaged.
You finish channelling your searing ray.
The gargoyle hits you with a +0 morningstar.
The wight completely misses you.
You closely miss the wight.
The wight is severely damaged.
The gargoyle hits you with a +0 morningstar!
The wight closely misses you.
You closely miss the wight.
You tail-slap the wight, but do no damage.
The wight is severely damaged.
The gargoyle hits you with a +0 morningstar!!
* * * LOW HITPOINT WARNING * * *
The wight is distracted by your dazzling golden aura.
You barely miss the wight.
The wight is no longer distracted by gold.
The wight is severely damaged.
The gargoyle hits you with a +0 morningstar!
You die...
Your body crumbles into a pile of gold.

**..,*,,,,,,,,#..................
,,...***,,,,,,#.............#####
,,....,*,,,,,,#.............#....
,,.....########.............#....
,,..........................#....
,,.......<...$..............#....
,,.........#####...........##....
,,.........# #9z.######..#.....
,,.........# #@..# *..#.....
,,.........# ##### *,,######
,,.........# *,,,,,,,,
,,.........# *,,,,,,,,
**########## *,,,,,,,, *********


You could see a gargoyle and a wight.

Vanquished Creatures
  Gastronok (D:8)
  Joseph (D:8)
  Psyche (D:8)
  Sigmund (D:2)
  A wyvern (D:9)
  3 steam dragons
  Edmund (D:5)
  A water moccasin (D:5)
  An ice beast (D:7)
  3 sky beasts
  3 black bears
  7 centaurs (D:6)
  An ogre (D:4)
  3 phantoms
  2 bullfrogs (D:9)
  A necrophage (D:6)
  4 scorpions
  2 wights (D:9)
  2 howler monkeys
  6 hounds
  2 orc priests
  2 iguanas
  2 jellies
  A gnoll shaman (D:6)
  2 orc wizards (D:4)
  10 gnolls
  8 adders
  3 shadow imps
  3 white imps
  An ufetubus (D:4)
  2 worms (D:3)
  4 dart slugs
  30 orcs
  5 ball pythons
  3 bats
  8 endoplasms
  2 giant cockroaches
  6 goblins
  5 hobgoblins
  A jackal (D:5)
  4 quokkas
  5 frilled lizards
  4 kobolds
  4 rats
162 creatures vanquished.

Notes
Turn   | Place    | Note
-------+----------+-------------------------------------------
     0 | D:1      | xian the Draconian Conjurer began the quest for the Orb.
     0 | D:1      | Reached XP level 1. HP: 14/14 MP: 3/3
   124 | D:1      | Found a faded altar of an unknown god.
   255 | D:1      | Reached XP level 2. HP: 20/20 MP: 3/5
   845 | D:1      | Reached XP level 3. HP: 26/26 MP: 4/6
  1348 | D:2      | Learned a level 2 spell: Searing Ray
  1349 | D:2      | Noticed Sigmund
  1740 | D:2      | Killed Sigmund
  1741 | D:2      | Reached skill level 5 in Conjurations
  1741 | D:2      | Reached XP level 4. HP: 32/33 MP: 2/8
  1741 | D:2      | Reached XP level 5. HP: 37/38 MP: 2/9
  2327 | D:2      | Reached skill level 1 in Short Blades
  2652 | D:3      | Reached XP level 6. HP: 46/46 MP: 7/10
  3614 | D:3      | Learned a level 4 spell: Iskenderun's Mystic Blast
  3970 | D:3      | Reached skill level 1 in Fighting
  4276 | D:4      | Your scales start taking on a rich purple colour.
  4276 | D:4      | Reached XP level 7. HP: 10/52 MP: 2/14
  4549 | D:4      | Found Gitiuful's Distillery.
  4563 | D:4      | Bought a potion of heal wounds for 50 gold pieces
  4563 | D:4      | Bought 2 potions of curing for 60 gold pieces
  4704 | D:4      | Found Kifucwuz's Weapon Shop.
  4822 | D:4      | Found Atoopp's Armour Emporium.
  4828 | D:4      | Reached skill level 5 in Spellcasting
  4894 | D:4      | Found Zieduesa's Armour Boutique.
  5557 | D:5      | Entered Level 5 of the Dungeon
  6042 | D:5      | Found a burning altar of Makhleb.
  6262 | D:5      | Reached XP level 8. HP: 59/61 MP: 9/16
  6788 | D:6      | Identified the +1 pair of gloves of Jats {Dex+5}
  7099 | D:6      | Noticed Edmund
  7122 | D:5      | Killed Edmund
  8552 | D:6      | Reached XP level 9. HP: 61/69 MP: 12/20
  9440 | D:6      | Reached skill level 1 in Maces & Flails
  9932 | D:6      | You fall into a shaft and drop 3 floors!
  9990 | D:9      | Identified the +2 pair of gloves of Ignis's Benevolence
                  | {*Corrode rPois Dex+3}
 10034 | D:8      | Noticed Joseph
 10828 | D:7      | Found a staircase to the Ecumenical Temple.
 10846 | Temple   | Entered the Ecumenical Temple
 10855 | Temple   | Became a worshipper of Gozag Ym Sagoz the Greedy
 10979 | D:7      | Found a radiant altar of Vehumet.
 11713 | D:8      | Killed Joseph
 11714 | D:8      | Reached XP level 10. HP: 47/78 MP: 2/23
 11890 | D:8      | Noticed Psyche
 12040 | D:8      | Killed Psyche
 12080 | D:8      | Noticed Gastronok
 12496 | D:8      | Killed Gastronok
 12497 | D:8      | Reached skill level 5 in Dodging
 12497 | D:8      | Reached skill level 10 in Conjurations
 12721 | D:9      | Noticed a gargoyle
 12744 | D:9      | Reached skill level 10 in Spellcasting
 12747 | D:9      | Slain by a gargoyle

Illustrated notes

Levels and vault maps discovered:
D:1:      mainiacjoe_arrival_reflecting_pool, layout_basic,
          basic_ecumenical_altar
D:2:      layout_basic, uniq_sigmund
D:3:      layout_basic, hangedman_abyss_or_decor_stabs
D:4:      layout_cave_pods, serial_shops, shop_coins, shop,
          nicolae_shop_behind_doors, kennysheep_diamond
D:5:      minmay_diamond_boxcup, layout_basic, mainiacjoe_overflow_alcove_2,
          st_stairs_10, minmay_misc_feat_tower
D:6:      layout_layer_cave, centaur_isle, uniq_edmund
D:7:      layout_loops_ring, kennysheep_mini_moat, minmay_temple_entry_junction
D:8:      layout_rooms, uniq_joseph, uniq_gastronok, uniq_psyche
D:9:      wad_arrow_thing, layout_irregular_city
Temple:   compressed_dpeg_circular_temple

Skill      XL: |  1  2  3  4  5  6  7  8  9 10 |
---------------+-------------------------------+-----
Dodging        | 2 3 4 5 |  5.3
Stealth        | 2 3 4 |  4.7
Spellcasting   | 3 4 5 7 9 10 | 10.0
Conjurations   | 5 6 7 8 9 10 | 10.1
Short Blades   | 1 |  1.7
Fighting       | 1 2 3 4 |  4.1
Maces & Flails | 1 2 |  2.5

Action                   |  1- 3 |  4- 6 |  7- 9 | 10-12 || total
-------------------------+-------+-------+-------+-------++-------
Melee: Short sword       |     9 |    25 |       |       ||    34
       Tailslap          |     2 |     6 |       |     1 ||     9
       Whip              |       |       |     5 |       ||     5
       Flail             |       |       |    11 |     9 ||    20
 Cast: Magic Dart        |    60 |    90 |   193 |    10 ||   353
       Searing Ray       |     2 |     7 |    55 |    13 ||    77
       Iskenderun's Myst |       |       |     1 |       ||     1
 Abil: Breathe Dispellin |       |       |    15 |     6 ||    21
  Use: Scroll            |       |     2 |     7 |     2 ||    11
       Potion            |       |       |     1 |     2 ||     3
Armor: Skin              |    16 |    18 |    57 |     8 ||    99
Dodge: Dodged            |    19 |    30 |   154 |    22 ||   225

Table legend: (Time is in decaauts)
 A = Elapsed time spent in this place.
 B = Non-inter-level travel time spent in this place.
 C = Inter-level travel time spent in this place.
 D = Time resting spent in this place.
 E = Time spent auto-exploring this place.
 F = Levels seen in this place.
 G = Mean time per level.
                   A        B        C        D        E       F      G
               +--------+--------+--------+--------+--------+-----+--------+
         Total |  12763 |  12582 |    181 |   2827 |   7908 |  10 | 1276.3 |
       Dungeon |  12744 |  12563 |    181 |   2827 |   7908 |   9 | 1416.0 |
        Temple |     18 |     18 |      0 |      0 |      0 |   1 |   18.0 |
               +--------+--------+--------+--------+--------+-----+--------+

Top non-repeatable levels by time:
     D:6: 3143 daAuts
     D:3: 1691 daAuts
     D:1: 1641 daAuts
     D:5: 1389 daAuts
     D:4: 1379 daAuts
     D:8: 1205 daAuts
     D:7: 1101 daAuts
     D:2: 846 daAuts
     D:9: 346 daAuts
  Temple: 18 daAuts
